Cogmind - Beta 13 @@@ ROGUE MODE // 2024.04.03 @ 14:41:57 Player: Archimato Result: Destroyed by G-34 Mercenary with Small Laser Performance ------------- Evolutions (1) 500 Regions Visited (2) 400 Robots Destroyed (20) 100 Value Destroyed (434) 434 Prototype IDs (0) 0 Alien Tech Used (0) 0 Bonus (0) 0 TOTAL SCORE: 1434 Bonus ------- None Cogmind --------- Core Integrity 0/400 Matter 267/300 Energy 100/100 System Corruption 0% Temperature Cool (44) Movement Core (200) Ox3 Location -9/Materials Parts ------- > --- POWER (1) -------- (None) > --- PROPULSION (2) --- (None) > --- UTILITY (4) ------ Medium Storage Unit Signal Interpreter Utility Shielding > --- WEAPON (2) ------- (None) > --- INVENTORY (10) --- Aluminum Leg Aluminum Leg Aluminum Leg Wheel Wheel Improved Flight Unit Huge Storage Unit Peak State ------------ > --- POWER ------------ Light Ion Engine > --- PROPULSION ------- Aluminum Leg Aluminum Leg > --- UTILITY ---------- Small Storage Unit Sensor Array Signal Interpreter Utility Shielding > --- WEAPON ----------- Small Laser Particle Gun > --- INVENTORY -------- Light Ion Engine Light Ion Engine Aluminum Leg Aluminum Leg Wheel Wheel Improved Flight Unit Small Laser [Rating: 11] Favorites ----------- Power Light Ion Engine Engine Light Ion Engine Propulsion Aluminum Leg Treads Light Treads Leg Aluminum Leg Utility Small Storage Unit Device Sensor Array Storage Small Storage Unit Processor Signal Interpreter Protection Utility Shielding Weapon Small Laser Energy Gun Small Laser Ballistic Gun Assault Rifle Build | -11 -10 -9 ------- Run | Yrd Mat Mat Slots Evolved 2 | . . 2 Power . | . . . Propulsion . | . . . Utility 2 | . . 2 Weapon . | . . . Parts Attached 18 | 6 6 6 Power 3 | 1 1 1 Engine 3 | 1 1 1 Core . | . . . Reactor . | . . . Propulsion 5 | 2 2 1 Treads 2 | 2 . . Leg 3 | . 2 1 Wheel . | . . . Hover . | . . . Flight . | . . . Utility 5 | 1 1 3 Device 1 | . . 1 Storage 2 | 1 . 1 Processor 1 | . 1 . Hackware . | . . . Protection 1 | . . 1 Artifact . | . . . Weapon 5 | 2 2 1 Energy Gun 4 | 1 2 1 Energy Cannon . | . . . Ballistic Gun 1 | 1 . . Ballistic Cannon . | . . . Launcher . | . . . Special Weapon . | . . . Impact Weapon . | . . . Slashing Weapon . | . . . Piercing Weapon . | . . . Special Melee Weapon . | . . . Unidentified Prototypes . | . . . Parts Lost 10 | . 2 8 Power 3 | . 1 2 Propulsion 3 | . 1 2 Utility 1 | . . 1 Weapon 3 | . . 3 Highest Loss Streak 8 | . 2 8 To Critical Strikes . | . . . Average Slot Usage (%) 91 | . 90 93 Engine 10 | . 11 9 Treads 10 | . 15 . Leg 12 | . 8 19 Device 3 | . . 10 Storage 12 | . 14 11 Processor 10 | . 10 11 Protection 3 | . . 11 Energy Gun 21 | . 21 20 Ballistic Gun 4 | . 6 . Naked Turns . | . . . Heaviest Build 19 | 11 12 19 Greatest Support 40 | 40 40 20 Greatest Overweight (x) . | . . . Average Overweight (x) . | . . . Largest Inventory Capacity 10 | 8 8 10 Average Capacity 8 | 6 8 8 Most Carried 9 | 6 8 9 Average Carried 6 | 4 6 7 Final Capacity 10 | 8 8 10 Final Carried 8 | 6 8 7 Class Distribution -------------------- 100% | Mutant Dominant Class ---------------- Mutant | -10/Materials Mutant | -9/Materials Resources | -11 -10 -9 ----------- Run | Yrd Mat Mat Matter Collected 399 | 195 169 35 Remotely . | . . . Salvage Created 544 | . 304 240 Parts 41 | . 21 20 Haulers Intercepted . | . . . Recyclers Shooed . | . . . Parts Field Recycled . | . . . Retrieved Matter . | . . . Parts Self-Destructed . | . . . Prevented . | . . . Kills | -11 -10 -9 ------- Run | Yrd Mat Mat Combat Hostiles Destroyed 17 | . 8 9 Guns 17 | . 8 9 Classes Destroyed 5 | . 4 1 Recycler 1 | . 1 . Watcher 2 | . 1 1 Swarmer 9 | . 3 6 Grunt 7 | . 5 2 Sentry 1 | . . 1 Best Kill Streak 7 | . 6 7 Combat Bots Only 7 | . 6 7 Max Kills in Single Turn 1 | . 1 1 Gunslinging . | . . . Exploded . | . . . Melee . | . . . Uniques/NPCs Destroyed . | . . . Combat | -11 -10 -9 -------- Run | Yrd Mat Mat Hostile Shots Fired 183 | . 59 124 Missed 36 | . 19 17 Damage Taken 1436 | . 393 1043 Core 442 | . 37 405 Absorbed by Shields . | . . . Redirected to Shielding 26 | . . 26 Core Remaining (%) 92 | 100 85 . Volleys Fired 48 | . 27 21 Largest 2 | . 2 2 Hottest 105 | . 105 105 Shots Fired 89 | . 54 35 Gun 89 | . 54 35 Cannon . | . . . Launcher . | . . . Special . | . . . Kinetic 18 | . 18 . Thermal 71 | . 36 35 Explosive . | . . . Electromagnetic . | . . . Robot Hit Streak 9 | . 9 8 Robot Miss Streak 3 | . 3 3 Penetration Max . | . . . Secondary Targets 1 | . . 1 Max Gunslinging Chain 1 | . . 1 Shots Hit Robots 54 | . 33 21 Core Hits 27 | . 15 12 Critical Kills . | . . . Critical Parts Destroyed . | . . . Critical Strikes 1 | . 1 . Burn 1 | . 1 . Melee Attacks . | . . . Impact . | . . . Slashing . | . . . Piercing . | . . . Sneak Attacks . | . . . Combat Hostiles . | . . . Follow-up Attacks . | . . . Damage Inflicted 716 | . 408 308 Guns 716 | . 408 308 Cannons . | . . . Explosions . | . . . Melee . | . . . Ramming . | . . . Kinetic 163 | . 163 . Thermal 553 | . 245 308 Explosive . | . . . Electromagnetic . | . . . Impact . | . . . Slashing . | . . . Piercing . | . . . Highest Corruption . | . . . Average Corruption . | . . . Corruption Purged . | . . . Corruption Blocked . | . . . Overload Shots . | . . . Overflow Damage . | . . . Projectiles . | . . . Explosions . | . . . Melee . | . . . Knockbacks . | . . . Impact . | . . . Kinetic . | . . . Secondary . | . . . Self-Inflicted Damage . | . . . Shots . | . . . Rammed . | . . . Targets Rammed . | . . . Kicked . | . . . Crushed . | . . . Highest Temperature 484 | . 135 484 Average Temperature 129 | . 32 213 Received Heat Transfer 450 | . 120 330 Effects 5 | . . 5 Interference 3 | . . 3 Matter Decay 1 | . . 1 Damage (minor) 1 | . . 1 Siege Activations . | . . . Robots Corrupted . | . . . Combat Hostiles . | . . . Parts Fried . | . . . Impact Corruptions . | . . . Robots Melted . | . . . Combat Hostiles . | . . . Parts Melted . | . . . Heat Transferred 1366 | . 635 731 Parts Sabotaged . | . . . Parts Stolen . | . . . Parts Stripped . | . . . Power Chain Reactions . | . . . Alert | -11 -10 -9 ------- Run | Yrd Mat Mat Peak Influence 243 | . 206 243 Initial 11 | . . 11 Average 77 | . 94 68 Maximum Alert Level 1 | . 1 1 Low Security (%) 79 | 100 72 85 Level 1 20 | . 27 14 Level 2 . | . . . Level 3 . | . . . Level 4 . | . . . Level 5 . | . . . High Security . | . . . Max Security . | . . . Squads Dispatched 3 | . 2 1 Investigation 2 | . 1 1 Extermination . | . . . Reinforcement 1 | . 1 . Assault . | . . . Garrison . | . . . Intercept . | . . . Searches Triggered . | . . . Construction Impeded . | . . . Haulers Reinforced . | . . . Active Scanning Responses . | . . . Cargo Convoy Interrupts . | . . . Stealth | -11 -10 -9 --------- Run | Yrd Mat Mat Distress Signals 1 | . . 1 Communications Jammed . | . . . Distress Signals . | . . . Times Spotted 28 | . 12 16 Peak Tracking Total 13 | . 7 13 Tactical Retreats 2 | . 1 1 Traps | -11 -10 -9 ------- Run | Yrd Mat Mat Traps Triggered 1 | . . 1 Indirectly . | . . . Trap Hack Attempts . | . . . Triggered . | . . . Disarmed . | . . . Reprogrammed . | . . . Reused . | . . . Traps Extracted . | . . . Installed . | . . . Triggered . | . . . Machines | -11 -10 -9 ---------- Run | Yrd Mat Mat Machines Disabled 1 | . . 1 Max in Single Turn 1 | . . 1 Machines Repaired . | . . . Machines Dismantled . | . . . Machines Sabotaged . | . . . Overloaded Fab Kills . | . . . Hacking | -11 -10 -9 --------- Run | Yrd Mat Mat Machines Accessed 4 | . 3 1 Terminals 3 | . 2 1 Fabricators . | . . . Repair Stations . | . . . Recycling Units 1 | . 1 . Scanalyzers . | . . . Garrison Access . | . . . Total Hacks 8 | . 7 1 Successful 3 | . 3 . Failed 5 | . 4 1 Catastrophic 1 | . 1 . Database Lockouts . | . . . Manual . | . . . Terminals 5 | . 4 1 Fabricators . | . . . Repair Stations . | . . . Recycling Units 3 | . 3 . Scanalyzers . | . . . Garrison Access . | . . . Terminal Hacks 2 | . 2 . Scanalyzer Index 1 | . 1 . Investigation Status 1 | . 1 . Fabricator Hacks . | . . . Repair Station Hacks . | . . . Recycling Unit Hacks 1 | . 1 . Report Inventory 1 | . 1 . Scanalyzer . | . . . Garrison Access Hacks . | . . . Unauthorized Hacks . | . . . Terminals . | . . . Fabricators . | . . . Repair Stations . | . . . Recycling Units . | . . . Scanalyzers . | . . . Garrison Access . | . . . Data Cores Recovered . | . . . Used . | . . . Hacking Detections 2 | . 2 . Full Trace Events 1 | . 1 . Feedback Events . | . . . Feedback Blocked . | . . . Robot Schematics Acquired . | . . . Robots Built . | . . . Authchips . | . . . Time . | . . . Total Robot Build Rating . | . . . Part Schematics Acquired . | . . . Parts Built . | . . . Authchips . | . . . Time . | . . . Total Part Build Rating . | . . . Parts Repaired . | . . . Time . | . . . Parts Recycled . | . . . Recycled Matter . | . . . Retrieved Matter . | . . . Retrieved Components . | . . . Parts Scanalyzed . | . . . Part Schematics Acquired . | . . . Parts Damaged . | . . . Bothacking | -11 -10 -9 ------------ Run | Yrd Mat Mat Used RIF Installer . | . . . Robots Hacked . | . . . Non-combat . | . . . Combat . | . . . Robot Hacks Applied . | . . . Relay Couplers Released . | . . . Fabnet Peak Effective % . | . . . Robots Rewired . | . . . Allies Hacked . | . . . Hacks Repelled . | . . . Allies | -11 -10 -9 -------- Run | Yrd Mat Mat Total Allies . | . . . Largest Group . | . . . Highest-Rated Group . | . . . Highest-Rated Ally . | . . . Total Orders . | . . . Ally Attacks . | . . . Total Damage . | . . . Kills . | . . . Allies Corrupted . | . . . Allies Melted . | . . . Intel | -11 -10 -9 ------- Run | Yrd Mat Mat Robot Analysis Total . | . . . Derelict Logs Recovered . | . . . Drone Launches . | . . . Drone Recoveries . | . . . Exploration | -11 -10 -9 ------------- Run | Yrd Mat Mat Turns Passed 843 | 77 497 269 Spaces Moved 477 | 46 279 152 Core 12 | 12 . . Treads 197 | 34 163 . Legs 268 | . 116 152 Wheels . | . . . Hover . | . . . Flight . | . . . Fastest Speed 50 | 50 120 120 Average Speed 134 | 131 143 120 Slowest Speed 160 | 160 160 120 Overloaded Moves . | . . . Propulsion Burnouts . | . . . Robots Hopped . | . . . Cave-ins Triggered . | . . . Exploration Rate (%) 21 | 3 42 20 Regions Visited 2 Branch Regions . Pre-discovered Areas . | . . . Known Exits Taken 1 | . 1 . Unknown Exits Taken 1 | 1 . . Scrap Searched . | . . . Spaces Dug . | . . . Terrain Destroyed . | . . . Melee . | . . . Projectile . | . . . AOE . | . . . Terrain Rammed . | . . . Walls Destroyed . | . . . Machines Disabled . | . . . Actions | -11 -10 -9 --------- Run | Yrd Mat Mat Total 589 | 63 322 204 Wait 18 | . . 18 Move 475 | 45 278 152 Hop . | . . . Pick Up 25 | 12 8 5 Fast Attach . | . . . Attach 13 | 6 3 4 Detach . | . . . Swap 5 | . 3 2 Drop 5 | . 3 2 Fire 48 | . 27 21 Melee . | . . . Ram . | . . . Kick . | . . . Crush . | . . . Escape Stasis . | . . . Rewire . | . . . Trap . | . . . Miscellaneous . | . . . Route ------- -11/Scrapyard -10/Materials (discovered 2 exits: *Mat / [*Min]) -9/Materials History --------- Turn | Location | Event 3 | -11/Scrapyard | Discovered new exit (range 16) 78 | -11/Scrapyard | Entered Materials 326 | -10/Materials | Build established: Mutant 359 | -10/Materials | Discovered new exit (range 12) 564 | -10/Materials | Discovered new exit (range 10) 574 | -10/Materials | Identified exit to Materials 575 | -10/Materials | Entered another Materials area 575 | -9/Materials | Evolved 2 slots: Utility x2 823 | -9/Materials | Core integrity fell below 50% 824 | -9/Materials | Destroyed 7 combat bots 839 | -9/Materials | Core integrity fell below 20% 844 | -9/Materials | Destroyed by G-34 Mercenary with Small Laser Last Messages --------------- S-10 Pest destroyed. Atomic Centrifuge disabled. M-13 Machinist repairs G-34 Mercenary. Overheating: Matter decay (-43). Overheating: Particle Gun damaged (-26). Sml. Laser destroyed. Destroyed Lgt. Ion Engine. Lgt. Ion Engine destroyed. Particle Gun destroyed. Overheating: System interference. Sensor Array temporarily disabled. Signal Interpreter temporarily disabled. Sml. Laser temporarily disabled. Aluminum Leg destroyed. Sensor Array destroyed. M-13 Machinist fits Backup Power I on S-10 Pest. M-13 Machinist repairs Flight Unit. S-10 Pest destroyed. Sml. Laser destroyed. K-01 Serf collects debris. Map ----- +----------------------------------------------------+ | ######???????????????????????????????????????????? | | ! #???????????????????????????????????????????? | | #???????????????????????????????????????????? | | """" #???????????????????????????????????????????? | | """" #########???????????????????????????????????? | | """" ## #???????????????????????????????????? | | ## #???????????????????????????????????? | | ####### #???????????????????????????????????? | | + #???????????????????????????????????? | | ##### # #???????????????????????????????????? | | #???# # #???????????????????????????????????? | | #???# ########???????????????????????????????????? | | ????# #?# #??????????????????????????????????????? | | ????#+###+####???????????????????????????????????? | | ????# = #????######?????????????????????????? | | ????# *%!! #????# #????????????????????????? | | ????# =!!! #????# #????????????????????????? | | ????# !!! #????# #????????????????????????? | | ????+ #????# #????????????????????????? | | ????# """"" #????? ?????????????????????????? | | ????# """"" #?????# #?????????????????????????? | | ????# """"" #?????# #?????????????????????????? | | ????# ##????# #?????????????????????????? | | ????#######+## ###?# #########?????????????????? | | ??????????# ## ### ##*[ [ #?????????????????? | | ######## ## ## #@*= s*#?????????????????? | | ## ### #%=""" #?????????????????? | | %k=g%"" #?????????????????? | | ### =#!g" " #?????????????????? | | ########### #?# # % #?????????????????? | | ????# + #?###%#####+####?????????????????? | | ????# """ ####???#*#????*#????????????????????? | | ????# R" #??????/ ???? #????????????????????? | | ?? + """ #????? # ??? #????????????????????? | | # #???? # ???"????????????????????? | | ??# """"" #???""?#!!! ??T????????????????????? | | ????# """"" #??"""?#!! ?"????????????????????? | | ????# ??"""" #??????#!! ?????????????????????? | | ????#?????? #??????? ? #????????????????????? | | ???????????###??????? ? #????????????????????? | | ????????????????????? !!? ????????????????????? | | ????????????????????? !!? ???????????????????? | | ????????????????????? !!?? ?????????????????????? | | ?????????????????????#"T"????????????????????????? | | ?????????????????????????????????????????????????? | | ?????????????????????????????????????????????????? | | ?????????????????????????????????????????????????? | | ?????????????????????????????????????????????????? | | ?????????????????????????????????????????????????? | | ?????????????????????????????????????????????????? | +----------------------------------------------------+ Best States ------------- Heat Dissipation 28 Energy Generation 10 Energy Capacity 125 Matter Stores 300 Matter Capacity 300 Sight Range 16 Robot Scan Range 14 Terrain Scan Density 10 Utility Shielding 33 Evasion (%) 55 Recoil Reduction 2 Item Schematics ----------------- None Robot Schematics ------------------ None Fabricated ------------ Nothing Alien Tech Used ----------------- None Achievements -------------- None Challenges ------------ None Game ------ Seed HybridSegregatorPlatform Manual? 0 Play Time 00:15:37 Cumulative 4.9 hours Start 2024.04.03 @ 01:40:17 End 2024.04.03 @ 14:41:57 Sessions 2 Manual Loads 0 Difficulty Rogue Special Mode None Game No. 6 Rogue 6 Adventurer 0 Explorer 0 Win Type - Total 0 Types 0/0/0/0/0/0/0/0/0 Lore% 5 Gallery% 10 Achievement% 10 Wizard Run 0 Options --------- Layout 1 ASCII 0 Keyboard 0 Movement Mouse Keybinds 0 Fullscreen 1 Font 24/Smallcaps Map View 50x35 Zoom Use 0% Tactical HUD 0 Map Filters NONE Filters NONE Steam 1 RUN: 2d1be5fd-616e-4400-88e4-32da07d600b7